[Event "*** Titled Tuesday Blitz"]
[Site "Chess.com"]
[Date "2020.04.28"]
[Round "8"]
[White "Morshynska"]
[Black "Ghost_Pepper"]
[Result "0-1"]
[WhiteElo "2103"]
[BlackElo "2281"]
[TimeControl "180+1"]
[EndTime "11:35:32 PDT"]
[Termination "Ghost_Pepper won on time"]

1. e4 c5 2. Nf3 d6 3. c4 Nf6 4. Nc3 Bg4 5. h3 Bxf3 6. Qxf3 Nc6 7. Qd1 g6 8. d3 Bg7 9. Be3 Nd7 10. Qd2 O-O 11. g4 Nd4 12. Bg2 Rb8 13. h4 Ne5 14. Qd1 f5 15. exf5 gxf5 16. gxf5 Rxf5 17. Rh3 Kh8 18. Be4 Qf8 19. Rg3 Nef3+ 20. Kf1 Nxh4 21. Qg4 Qf6 22. Bxd4 cxd4 23. Bxf5 Nxf5 24. Rf3 dxc3 25. Rxf5 cxb2 26. Rb1 Qc3 27. Qe2 Qc1+ 28. Qe1 Qc2 29.
Qd1 Qc3 30. Kg2 Rg8 31. Rg5 Bf6 32. Rxg8+ Kxg8 33. Qg4+ Kf8 34. Qe2 Qd4 35. Qe3 Qg4+ 36. Qg3 Qf5 37. Qf3 Qg6+ 0-1

[Event "*** Titled Tuesday Blitz"]
[Site "Chess.com"]
[Date "2020.04.28"]
[Round "8"]
[White "abubakrtagelsir"]
[Black "Bagirova"]
[Result "1-0"]
[WhiteElo "2351"]
[BlackElo "2214"]
[TimeControl "180+1"]
[EndTime "11:35:32 PDT"]
[Termination "abubakrtagelsir won by resignation"]

1. e4 c5 2. Nc3 Nc6 3. f4 g6 4. Nf3 Bg7 5. Bb5 d6 6. O-O e6 7. Bxc6+ bxc6 8. d3 Ne7 9. Qe1 O-O 10. e5 Nf5 11. Ne4 dxe5 12. fxe5 Nd4 13. Nf6+ Bxf6 14. exf6 Qxf6 15. Nxd4 Qxd4+ 16. Be3 Qxb2 17. Qf2 f5 18. Bxc5 Rf7 19. Bd4 Qb5 20. c4 Qb8 21. Rae1 Qd6 22. Qe3 a5 23. Be5 Qa3 24. Ba1 Qd6 25. Be5 Qc7 26.
Bxc7 Rxc7 27. Qe5 Rf7 28. Qd6 a4 29. Qxc6 Bb7 30. Qxe6 Rd8 31. Re3 f4 32. Rh3 Bc8 33.
Qb6 Re8 34. Rhf3 Ref8 35. d4 Bg4 36. R3f2 Rf6 37. Qc7 g5 38. Qe5 Rf5 39. Qe6+ Kh8 40. h4 gxh4 41. Qh6 h3 42. Rxf4 h2+ 43. Kxh2 Rh5+ 44.
Qxh5 1-0

[Event "*** Titled Tuesday Blitz"]
[Site "Chess.com"]
[Date "2020.04.28"]
[Round "8"]
[White "amintabatabaei"]
[Black "robertofabregas"]
[Result "1-0"]
[WhiteElo "2864"]
[BlackElo "2091"]
[TimeControl "180+1"]
[EndTime "11:35:33 PDT"]
[Termination "amintabatabaei won by resignation"]

1. g3 Nf6 2. Bg2 d5 3. Nf3 c6 4. O-O e6 5. d3 Bc5 6. Nbd2 O-O 7. e4 d4 8. Re1 Nbd7 9. e5 Nd5 10. Ne4 Qb6 11.
Nxc5 Qxc5 12. h4 Nb4 13. Bd2 Nxc2 14. Rc1 Nxe1 15. Rxc5 Nxf3+ 16. Qxf3 Nxc5 17. h5 f6 18. exf6 Rxf6 19. Qe2 Bd7 20. h6 Raf8 21. hxg7 R8f7 22. Bf4 e5 23. Qxe5 Nxd3 24. Qxd4 Nxf4 25. gxf4 Rxf4 26.
Qxa7 Be6 27. Qb8+ Kxg7 28. Qe5+ Kg8 29. Qxe6 Rxf2 30. Qe8+ Kg7 31. Qe5+ Kg8 32. Bh3 Kf8 33. a4 R2f6 34. Qb8+ Kg7 35. Qe5 Kg8 36. Be6 Rg6+ 37.
Kh2 Rh6+ 38. Kg3 Rg6+ 39. Kh4 Rh6+ 40. Kg5 Rg6+ 41. Kh5 Kf8 42. Bxf7 Kxf7 43. Qc7+ Kg8 44. Qc8+ Kg7 45. Qxb7+ Kf6 46. Qxc6+ 1-0

[Event "*** Titled Tuesday Blitz"]
[Site "Chess.com"]
[Date "2020.04.28"]
[Round "8"]
[White "Abund"]
[Black "1f3_2g41-0"]
[Result "1/2-1/2"]
[WhiteElo "2662"]
[BlackElo "2263"]
[TimeControl "180+1"]
[EndTime "11:35:35 PDT"]
[Termination "Game drawn by agreement"]

1. Nf3 d5 2. d4 Nf6 3. c4 e6 4. Nc3 g6 5. g3 Bg7 6. Bg2 O-O 7.
O-O Ne4 8. Qd3 Nxc3 9. bxc3 Nc6 10. Bg5 Bf6 11. Bh6 Bg7 12. Bg5 Bf6 13. Bf4 Na5 14.
Nd2 b6 15. cxd5 exd5 16. e4 dxe4 17. Nxe4 Bg7 18. Bg5 f6 19. Nxf6+ Bxf6 20. Bxf6 Qxf6 21. Bxa8 c6 22. d5 Bf5 23. Qf3 Rxa8 24. Rfe1 Rf8 25. dxc6 Nxc6 26. Rad1 Ne5 27. Qd5+ Be6 28. Qxe5 Qxf2+ 29. Kh1 Qf3+ 30. Kg1 Qf2+ 31. Kh1 Qf3+ 32. Kg1 1/2-1/2

[Event "*** Titled Tuesday Blitz"]
[Site "Chess.com"]
[Date "2020.04.28"]
[Round "8"]
[White "KingChess345"]
[Black "ChessBitl"]
[Result "1-0"]
[WhiteElo "2157"]
[BlackElo "2269"]
[TimeControl "180+1"]
[EndTime "11:35:35 PDT"]
[Termination "KingChess345 won on time"]

1. d4 Nf6 2. Nf3 g6 3. g3 Bg7 4. Bg2 d6 5. O-O O-O 6. c4 Nc6 7. Nc3 e5 8. d5 Ne7 9. Ne1 a5 10. e4 Nd7 11. Nd3 b6 12. Be3 Nc5 13. f4 exf4 14.
Nxf4 Bd7 15. Bd4 f5 16. Bxg7 Kxg7 17. Qd4+ Kg8 18. e5 dxe5 19. Qxe5 Nc8 20. Rad1 Nd6 21. Ne6 Qe7 22. Rfe1 Nde4 23. Nxe4 fxe4 24. Qxc7 Rac8 25. Qxb6 Bxe6 26. dxe6 Rb8 27. Qxa5 Rxb2 28. Qa3 Rff2 29. Bh1 Rxh2 30. Rd7 Rxh1+ 31. Kxh1 Qxe6 32. Qa8+ 1-0

[Event "*** Titled Tuesday Blitz"]
[Site "Chess.com"]
[Date "2020.04.28"]
[Round "8"]
[White "Kaponov"]
[Black "SHIVACalypso"]
[Result "0-1"]
[WhiteElo "2110"]
[BlackElo "2280"]
[TimeControl "180+1"]
[EndTime "11:35:36 PDT"]
[Termination "SHIVACalypso won on time"]

1. d4 e6 2. c4 Nf6 3. g3 d5 4. Nf3 Be7 5. Bg2 O-O 6. O-O dxc4 7. Qc2 a6 8. a4 Bd7 9. Qxc4 Bc6 10. Bg5 h6 11. Bxf6 Bxf6 12. Nc3 Nd7 13. Rfd1 Nb6 14. Qd3 Nd5 15. e4 Nxc3 16. bxc3 g6 17. a5 Qe7 18. h4 Rfd8 19. h5 g5 20. Qe2 Be8 21. e5 Bg7 22. Nd2 c5 23. Ne4 Bb5 24. c4 Bc6 25. Nxc5 Rac8 26. Ne4 Bxe4 27. Bxe4 Qb4 28. Bd3 Kf8 29. Qe4 Qc3 30. Bf1 Rc7 31. c5 Rcd7 32. Ra4 Qb3 33. Raa1 Qc3 34. Rac1 Qxa5 35. Bh3 Qa4 0-1

[Event "*** Titled Tuesday Blitz"]
[Site "Chess.com"]
[Date "2020.04.28"]
[Round "8"]
[White "druskacik"]
[Black "LuckIsMySkill"]
[Result "1-0"]
[WhiteElo "2584"]
[BlackElo "2707"]
[TimeControl "180+1"]
[EndTime "11:35:37 PDT"]
[Termination "druskacik won on time"]

1. e4 c5 2. Nf3 d6 3. d4 cxd4 4. Qxd4 a6 5. h3 Nf6 6. c4 g6 7.
Nc3 Bg7 8. Be2 Nc6 9. Qe3 O-O 10.
O-O Nd7 11. Rb1 Qb6 12. Nd5 Qxe3 13. Bxe3 Rb8 14. b4 e6 15. Nc7 Nf6 16. b5 axb5 17.
cxb5 Ne7 18. Ba7 Bd7 19. Bxb8 Rxb8 20. Bd3 Rc8 21. Rfc1 Bh6 22. Rc2 Kg7 23. a4 b6 24.
a5 bxa5 25. b6 Nc6 26. b7 Rxc7 27. b8=Q Nxb8 28. Rxc7 Nc6 29. Rbb7 Nb4 30. Bb5 Bxb5 31. Rxf7+ Kg8 32. Rxf6 Bc6 33. Ra7 Bxe4 34. Rxe6 Bxf3 35.
gxf3 Nc6 36. Re8+ 1-0

[Event "*** Titled Tuesday Blitz"]
[Site "Chess.com"]
[Date "2020.04.28"]
[Round "8"]
[White "Aygehovit1992"]
[Black "Pomegranate988"]
[Result "1-0"]
[WhiteElo "2678"]
[BlackElo "2479"]
[TimeControl "180+1"]
[EndTime "11:35:37 PDT"]
[Termination "Aygehovit1992 won on time"]

1. e4 c6 2. d4 d5 3. e5 Bf5 4.
Nf3 e6 5. Be2 Nd7 6. O-O h6 7. Nbd2 g5 8. Nb3 Qc7 9. Be3 f6 10. c4 Bg7 11. Rc1 Ne7 12. exf6 Bxf6 13. Ne5 Nxe5 14. dxe5 Bxe5 15. Bh5+ Bg6 16. Nd4 Qd6 17.
Bxg6+ Nxg6 18. Qh5 Rg8 19. cxd5 exd5 20. Nf5 Qf6 21.
Nxh6 Rh8 22. Bxg5 Qg7 23. Rce1 Kd7 24. f4 Bd4+ 25. Kh1 Rae8 26. f5 Ne5 27. f6 Qg6 28. Qxg6 Nxg6 29. Rxe8 Rxe8 30. h4 Bxb2 31. h5 Nf8 32. g4 Re2 33. Nf5 Be5 34. f7 d4 35.
Rd1 c5 36. Bh6 Nh7 37. f8=Q Nxf8 38. Bxf8 b6 39. h6 Ke6 40. Bg7 Bxg7 41. hxg7 Kf7 42. Kg1 Re4 43. Kf2 1-0

[Event "*** Titled Tuesday Blitz"]
[Site "Chess.com"]
[Date "2020.04.28"]
[Round "8"]
[White "Murad_Ibrahimli"]
[Black "chessdjw"]
[Result "0-1"]
[WhiteElo "2735"]
[BlackElo "2596"]
[TimeControl "180+1"]
[EndTime "11:35:37 PDT"]
[Termination "chessdjw won by resignation"]

1. c4 e6 2. Nc3 d5 3. d4 Nf6 4. Nf3 Be7 5. Bf4 O-O 6. e3 Nbd7 7.
c5 Ne4 8. Rc1 f5 9. Nxe4 fxe4 10. Ne5 Bh4 11. Nxd7 Bxd7 12. Be2 Bxf2+ 13. Kxf2 g5 14.
g3 gxf4 15. exf4 Qf6 16. Ke3 Kh8 17. Qe1 Rae8 18. b4 a6 19. Qc3 Bb5 20. Kd2 c6 21. Qe3 Qg7 22. Bd1 Bd3 23. Rc3 a5 24. bxa5 Ra8 25.
a4 Rxa5 26. Bb3 Rfa8 27. Ra1 R5a6 28. Bd1 b5 29. cxb6 Rxb6 30. Rb3 Rxb3 31. Bxb3 c5 32. a5 cxd4 33. Qe1 Qg6 34. Qc1 e3+ 35. Ke1 Qe4 0-1

[Event "*** Titled Tuesday Blitz"]
[Site "Chess.com"]
[Date "2020.04.28"]
[Round "8"]
[White "harvsp123"]
[Black "Baby_Legs"]
[Result "1-0"]
[WhiteElo "2544"]
[BlackElo "2687"]
[TimeControl "180+1"]
[EndTime "11:35:37 PDT"]
[Termination "harvsp123 won by resignation"]

1. e4 c5 2. Nf3 e6 3. d4 cxd4 4. Nxd4 a6 5. c4 Nf6 6. Nc3 Qc7 7. Be2 Bb4 8. Nc2 Be7 9. Be3 d6 10. g4 b6 11. g5 Nfd7 12. h4 Ne5 13. b3 b5 14. f4 bxc4 15. Bd4 Bb7 16. bxc4 Nxc4 17.
Rb1 e5 18. Bf2 Na3 19. Nd5 Nxc2+ 20. Kf1 Bxd5 21. Qxd5 Nc6 22. Kg2 exf4 23. Rhc1 Ne3+ 24. Bxe3 fxe3 25. Rxc6 Qd8 26. Rb7 O-O 27. Rcc7 Re8 28. Bc4 Rc8 29. Qxf7+ Kh8 30. Rxe7 Rxe7 31. Rxe7 Qf8 32. Qxf8+ Rxf8 33. Rf7 Rc8 34. Be6 Re8 35. Bd5 h6 36. g6 1-0

[Event "*** Titled Tuesday Blitz"]
[Site "Chess.com"]
[Date "2020.04.28"]
[Round "8"]
[White "Semen_Khanin"]
[Black "Koalaskakistis"]
[Result "1-0"]
[WhiteElo "2710"]
[BlackElo "2533"]
[TimeControl "180+1"]
[EndTime "11:35:38 PDT"]
[Termination "Semen_Khanin won by resignation"]

1. e4 c5 2. Nf3 Nc6 3. Nc3 Nf6 4.
d4 cxd4 5. Nxd4 e5 6. Ndb5 d6 7.
Bg5 a6 8. Na3 b5 9. Bxf6 gxf6 10.
Nd5 f5 11. c3 Bg7 12. g3 O-O 13. exf5 Bxf5 14. Bg2 Be6 15. O-O Kh8 16. Nc2 Rc8 17. a4 f5 18. axb5 axb5 19. Ra6 e4 20. Ndb4 Nxb4 21. Rxd6 Qe7 22. Nxb4 Bc4 23. Re1 Rfd8 24.
Rxd8+ Rxd8 25. Qc1 Qd6 26. g4 Bh6 27. g5 Bg7 28. Nc2 Be5 29. Ne3 Bxh2+ 30. Kh1 Bf4 31. Bh3 Bd3 32. Nxf5 Qe5 33. Qd1 Bxg5 34. Qh5 Rg8 35. Rg1 e3 36. Rxg5 e2 37. Rxg8+ Kxg8 38. Nh6+ 1-0

[Event "*** Titled Tuesday Blitz"]
[Site "Chess.com"]
[Date "2020.04.28"]
[Round "8"]
[White "TzoumpasAnastasis"]
[Black "fabianvivasz"]
[Result "1-0"]
[WhiteElo "2204"]
[BlackElo "2379"]
[TimeControl "180+1"]
[EndTime "11:35:38 PDT"]
[Termination "TzoumpasAnastasis won by resignation"]

1. e4 e5 2. Nf3 Nc6 3. Bb5 f5 4. Nc3 fxe4 5. Nxe4 Nf6 6. Nxf6+ Qxf6 7. O-O Be7 8. Re1 O-O 9. Bxc6 dxc6 10. Rxe5 Bg4 11. Re3 Rad8 12. d3 Bc5 13. Re4 Qg6 14. Rxg4 Qxg4 15. Be3 Rd5 16. h3 Qe6 17. d4 Bd6 18. c4 Rh5 19. Ne5 Rhf5 20. f4 c5 21. g4 R5f6 22. f5 Qe7 23. Bg5 cxd4 24. Nf3 c5 25. Qd3 Re8 26. Re1 Qf7 27. Rxe8+ Qxe8 28. Bxf6 gxf6 29. Kf2 Kf7 30. Qe2 Qxe2+ 31. Kxe2 a6 32. Kd3 Ke7 33. b3 Kd7 34. Nd2 Bf4 35. Ne4 Be5 36.
Nxc5+ Kc6 37. Ne6 b5 38. Nxd4+ Kc5 39. Ne6+ Kb4 40. cxb5 axb5 41. Nd4 h6 42. Nc2+ Kc5 43. Ke4 Bc3 44. a4 bxa4 45. bxa4 Kc4 46. Ne3+ Kc5 47. Nd5 Be5 48. Ne7 Ba1 49. Ng8 Kb4 50. Nxh6 Kxa4 51. Nf7 Kb5 52. h4 Kc6 53. h5 Kd7 54. h6 Ke7 55. h7 Kxf7 56. h8=Q Ke7 1-0

[Event "*** Titled Tuesday Blitz"]
[Site "Chess.com"]
[Date "2020.04.28"]
[Round "8"]
[White "NotFischer"]
[Black "Rafael_Ventura"]
[Result "1/2-1/2"]
[WhiteElo "2155"]
[BlackElo "2282"]
[TimeControl "180+1"]
[EndTime "11:35:40 PDT"]
[Termination "Game drawn by repetition"]

1. Nf3 Nf6 2. g3 e6 3. Bg2 d5 4. d4 Be7 5. O-O O-O 6. c4 b6 7. cxd5 exd5 8. Nc3 Bb7 9. Bf4 Na6 10. Rc1 c5 11. Ne5 Nc7 12. g4 Ne6 13. Be3 cxd4 14. Bxd4 Nxd4 15. Qxd4 Bc5 16. Qf4 h6 17. Rfd1 g5 18.
Qf5 Bc8 19. Qf3 Bb7 20. Nb5 Ne4 21. e3 a6 22. Nd4 Bxd4 23. Rxd4 Rc8 24. Rcd1 Qe7 25.
Qf5 Qe6 26. Bxe4 dxe4 27. Qxe6 fxe6 28. Ng6 Rf7 29. Rd7 Bd5 30. Ne7+ Kf8 31. Ng6+ Kg7 32. Rxf7+ Kxf7 33. Ne5+ Kf6 34. Nd7+ Ke7 35. Nxb6 Rc2 36. Nxd5+ exd5 37. Rxd5 Rxb2 38. Re5+ Kf6 39. Rxe4 Rxa2 40. Rd4 a5 41. Rd6+ Kg7 42. Ra6 Ra4 43. h3 Ra2 44. Kg2 a4 45. Kg3 a3 46. h4 gxh4+ 47. Kxh4 Rxf2 48.
Rxa3 Rf3 49. Ra7+ Kg6 50. Ra6+ Kg7 51. Ra7+ Kf6 52. Ra6+ Kg7 53. Ra7+ 1/2-1/2

[Event "*** Titled Tuesday Blitz"]
[Site "Chess.com"]
[Date "2020.04.28"]
[Round "8"]
[White "Shivagami"]
[Black "Ariadna_Atreides"]
[Result "1-0"]
[WhiteElo "2116"]
[BlackElo "2005"]
[TimeControl "180+1"]
[EndTime "11:35:40 PDT"]
[Termination "Shivagami won by checkmate"]

1. d4 e6 2. Bf4 c5 3. e3 Nc6 4. c3 Nf6 5. Nd2 d5 6. Ngf3 Bd6 7. Bg3 Bxg3 8. hxg3 Qd6 9. Bb5 Bd7 10.
Bxc6 Bxc6 11. Ne5 Nd7 12. Ndf3 Nxe5 13. Nxe5 Qc7 14. Qg4 g6 15. Rh6 O-O-O 16. Qf4 f5 17. Kd2 Rhg8 18. Rah1 g5 19. Qf3 cxd4 20. exd4 Qb6 21.
Kc1 Qa6 22. Kb1 Bb5 23. Rxh7 Kb8 24. Qh5 Bd3+ 25. Ka1 Be4 26. Qf7 Bxg2 27. Rc1 Be4 28. Nd7+ Ka8 29. Nc5 Qb6 30. Nxe6 Rc8 31. Nc5 Rb8 32. Ne6 Qb5 33. Nc7# 1-0

[Event "*** Titled Tuesday Blitz"]
[Site "Chess.com"]
[Date "2020.04.28"]
[Round "8"]
[White "FairChess_on_YouTube"]
[Black "Zkid"]
[Result "1-0"]
[WhiteElo "3053"]
[BlackElo "2811"]
[TimeControl "180+1"]
[EndTime "11:35:41 PDT"]
[Termination "FairChess_on_YouTube won by resignation"]

1. e4 e6 2. d4 d5 3. Nc3 Bb4 4. e5 c5 5. a3 Ba5 6. b4 cxd4 7. Qg4 Ne7 8. bxa5 dxc3 9. Qxg7 Rg8 10. Qxh7 Nbc6 11.
Nf3 Qxa5 12. Rb1 Qc7 13. Bf4 Bd7 14. Bg3 O-O-O 15. Qd3 d4 16. Be2 Nf5 17. O-O Nxg3 18.
fxg3 Kb8 19. Qe4 Bc8 20. Bb5 Ne7 21. Bd3 b6 22. Qf4 Nc6 23. h4 Rg7 24. h5 Rdg8 25.
h6 Rxg3 26. h7 Rxg2+ 27. Kh1 Bb7 28. Rg1 Rxg1+ 29. Rxg1 Rc8 30. Rg8 Ne7 31. Rxc8+ Qxc8 32. Qf6 Bxf3+ 33. Kg1 Nd5 34. Qg7 Nf4 35. h8=Q Nxd3 36.
cxd3 c2 37. Qxc8+ Kxc8 38. Qf8+ Kb7 39. Qxf7+ Ka6 40. Qc7 Bd1 41. Kf2 Ka5 42. Ke1 Ka4 43. Kd2 Kb3 44. Kc1 1-0

[Event "*** Titled Tuesday Blitz"]
[Site "Chess.com"]
[Date "2020.04.28"]
[Round "8"]
[White "2nd_life"]
[Black "EvgenyRomanov"]
[Result "0-1"]
[WhiteElo "2425"]
[BlackElo "2658"]
[TimeControl "180+1"]
[EndTime "11:35:43 PDT"]
[Termination "EvgenyRomanov won on time"]

1. e4 e6 2. d4 d5 3. Nc3 Bb4 4. e5 c5 5. a3 Bxc3+ 6. bxc3 Ne7 7. h4 Qa5 8. Bd2 Qa4 9. Qb1 c4 10. h5 h6 11. g3 Nbc6 12. Bh3 Bd7 13. Nf3 O-O-O 14.
O-O Rdf8 15. Nh4 g5 16. Ng2 f5 17. exf6 Rxf6 18. Ne3 Kb8 19. Ng4 Rf7 20. f4 Nf5 21. Ne5 Nxe5 22. fxe5 Rhf8 23. Bxf5 Rxf5 24. Qb4 Qxc2 25.
Qxf8+ Rxf8 26. Rxf8+ Kc7 27. Rf2 Qe4 28. Rf7 Qe2 29. Rf2 Qxh5 30. Kg2 Qg6 31. Raf1 Be8 32. Rf6 Qe4+ 33. Kh2 Bh5 34. R1f2 Bg4 35. Rxh6 Qd3 36.
Rhf6 Kc6 37. Bxg5 Qxc3 38. R6f4 Bf5 39. g4 Be4 40. Rf6 Qxd4 41. Rxe6+ Kb5 42. Rf4 Qd2+ 0-1

[Event "*** Titled Tuesday Blitz"]
[Site "Chess.com"]
[Date "2020.04.28"]
[Round "8"]
[White "MusicCityMaster"]
[Black "Beca95"]
[Result "0-1"]
[WhiteElo "2293"]
[BlackElo "2845"]
[TimeControl "180+1"]
[EndTime "11:35:43 PDT"]
[Termination "Beca95 won by resignation"]

1. d4 Nf6 2. c4 e6 3. Nc3 c5 4. d5 exd5 5. cxd5 d6 6. Nf3 g6 7.
Bf4 Bg7 8. h3 O-O 9. e3 Na6 10.
Be2 Nc7 11. a4 Re8 12. O-O a6 13. Rc1 Rb8 14. Ne1 b5 15. Bf3 b4 16. Ne2 a5 17.
b3 Ba6 18. Bg5 h6 19. Bh4 g5 20. Bg3 Ne4 21. Bxe4 Rxe4 22. Nf3 Re8 23. Re1 Bb7 24. Nd2 Bxd5 25. e4 Ba8 26. Nc4 d5 27. exd5 Nxd5 28. Bxb8 Qxb8 29. Ng3 Rd8 30. Qg4 Nf4 31. f3 Bd5 32.
Ne3 Be6 33. Ngf5 Rd2 34. Qg3 Bd4 35. Kh2 Be5 36. Kh1 Kh7 37. Rcd1 Nxg2 38. Qxg2 Rxg2 39. Kxg2 Bxb3 40. Ng4 Bg7 41. Rd7 h5 42. Nxg7 Kxg7 43. Ne5 Qe8 44. Rd2 c4 45. Rde2 c3 46. Ng4 Qxa4 47. Ne3 Qb5 48. Kf2 Be6 49. Kg2 b3 50. Kf2 b2 0-1

[Event "*** Titled Tuesday Blitz"]
[Site "Chess.com"]
[Date "2020.04.28"]
[Round "8"]
[White "MRBigtimer"]
[Black "Leonid_Starozhilov"]
[Result "1/2-1/2"]
[WhiteElo "2341"]
[BlackElo "2605"]
[TimeControl "180+1"]
[EndTime "11:35:44 PDT"]
[Termination "Game drawn by stalemate"]

1. e4 d6 2. d4 Nf6 3. Nc3 Nbd7 4. Be3 e5 5. Be2 Be7 6. Qd2 O-O 7. O-O-O c6 8. f4 b5 9. dxe5 dxe5 10. fxe5 Nxe5 11. Qxd8 Rxd8 12. Rxd8+ Bxd8 13. a3 Bc7 14. Nf3 a5 15. Bf4 Nd3+ 16. Bxd3 Bxf4+ 17. Kb1 Be6 18. Ne2 Bc7 19. Ned4 Bd7 20. Re1 Re8 21. h3 g6 22. b4 axb4 23. axb4 Be5 24. Nxe5 Rxe5 25. Re2 Re8 26. Kb2 Kg7 27. g4 h6 28. c3 Nh7 29. Nf3 Ng5 30. Nxg5 hxg5 31. c4 bxc4 32. Bxc4 f5 33. exf5 Rxe2+ 34. Bxe2 gxf5 35. gxf5 Bxf5 36. Bg4 Be4 37. Kc3 Kf6 38. Kd4 Bd5 39. b5 cxb5 40. Kxd5 b4 41. Kc4 b3 42. Kxb3 Kg7 43. Kc2 Kh8 44.
Kd3 Kg7 45. Ke4 Kh8 46. Kf5 Kg7 47. Ke6 Kh8 48. Kf6 Kh7 49. Bf5+ Kh8 50. Kg6 Kg8 51. Kh6 Kh8 52. Bg4 Kg8 53. Bh5 Kh8 54. Kg6 Kg8 55. Kf6 Kh8 56. Bf7 Kh7 57. Ke7 Kg7 58. Ke8 Kh8 59.
Kf8 Kh7 60. Be8 Kh8 61. Bg6 g4 62. hxg4 1/2-1/2

[Event "*** Titled Tuesday Blitz"]
[Site "Chess.com"]
[Date "2020.04.28"]
[Round "8"]
[White "CalinGheorghiu"]
[Black "Unknown_IM"]
[Result "0-1"]
[WhiteElo "2341"]
[BlackElo "2524"]
[TimeControl "180+1"]
[EndTime "11:35:44 PDT"]
[Termination "Unknown_IM won by checkmate"]

1. d4 Nf6 2. c4 c5 3. d5 e6 4. Nc3 exd5 5. cxd5 d6 6. e4 g6 7. Nge2 Bg7 8. Ng3 a6 9. a4 O-O 10. Be2 Nbd7 11. O-O Re8 12. f4 h5 13. e5 dxe5 14.
f5 e4 15. Bg5 Qb6 16. fxg6 fxg6 17. d6 Re5 18. Bc4+ Kh7 19. Bxf6 Nxf6 20. Rxf6 Bxf6 21. d7 Qxb2 22. Rc1 Bxd7 23. Qxd7+ Re7 24. Qd1 Bxc3 25. Nxh5 Rd8 26. Qf1 Bd4+ 27. Kh1 Qf2 28. Qd1 e3 29. Qg4 Rf8 30. Bd3 Qf7 31. Nf4 Kh6 32. Qh3+ Kg7 33.
Nxg6 e2 34. Nxe7 Qf1+ 35. Rxf1 Rxf1# 0-1

[Event "*** Titled Tuesday Blitz"]
[Site "Chess.com"]
[Date "2020.04.28"]
[Round "8"]
[White "frankshar"]
[Black "Sweafty"]
[Result "1-0"]
[WhiteElo "2309"]
[BlackElo "2450"]
[TimeControl "180+1"]
[EndTime "11:35:44 PDT"]
[Termination "frankshar won by resignation"]

1. d4 d6 2. e4 Nf6 3. Nc3 g6 4. f4 Bg7 5. Nf3 c5 6. dxc5 Qa5 7. Bd3 Qxc5 8. Qe2 O-O 9. Be3 Qa5 10.
O-O Bg4 11. h3 Bxf3 12. Qxf3 Nc6 13. a3 Nd7 14. Bd2 Nd4 15. Qf2 Qd8 16. Kh1 Nc5 17. Be3 Nxd3 18. cxd3 Nb3 19. Rad1 b6 20. f5 Rc8 21.
Nd5 Nc5 22. Bg5 f6 23. Be3 e6 24. Bxc5 exd5 25. Bd4 Qd7 26. Qg3 g5 27. exd5 Qb5 28.
Qf3 Rc2 29. Rfe1 Rfc8 30. Re7 Rc1 31. Rxc1 Rxc1+ 32. Kh2 Qb3 33. Qe2 Qxd5 34. Qe6+ Qxe6 35. fxe6 Re1 36. Re8+ Bf8 37. Bxf6 g4 38. e7 1-0

[Event "*** Titled Tuesday Blitz"]
[Site "Chess.com"]
[Date "2020.04.28"]
[Round "8"]
[White "ahachess"]
[Black "Joseph_Truelson"]
[Result "1-0"]
[WhiteElo "2368"]
[BlackElo "2208"]
[TimeControl "180+1"]
[EndTime "11:35:44 PDT"]
[Termination "ahachess won on time"]

1. d4 d5 2. c4 e6 3. Nf3 Nf6 4. Qc2 Bb4+ 5. Bd2 Be7 6. Bg5 Nbd7 7. e3 O-O 8. Nc3 c5 9. dxc5 Nxc5 10. cxd5 Nxd5 11. Nxd5 exd5 12. Bxe7 Qxe7 13. Be2 Be6 14. O-O Rac8 15. Nd4 Ne4 16. Qa4 a6 17. Rfd1 Qg5 18. Bf3 Bg4 19. Rac1 Bxf3 20. Nxf3 Qf6 21. Rxc8 Rxc8 22.
Qd7 Rd8 23. Qxb7 Qd6 24. h3 h6 25. b3 Rb8 26. Qxd5 Qe7 27. Rc1 Rd8 28. Qc6 Qb4 29.
Qxa6 Nd2 30. Qe2 Nxf3+ 31. Qxf3 Rd2 32. Rc7 1-0

[Event "*** Titled Tuesday Blitz"]
[Site "Chess.com"]
[Date "2020.04.28"]
[Round "8"]
[White "grzechu96"]
[Black "Yaacovn"]
[Result "1-0"]
[WhiteElo "2616"]
[BlackElo "2738"]
[TimeControl "180+1"]
[EndTime "11:35:45 PDT"]
[Termination "grzechu96 won by resignation"]

1. e4 c6 2. d4 d5 3. Nc3 dxe4 4. Nxe4 Nf6 5. Nxf6+ gxf6 6. c3 Qd5 7. Qb3 Nd7 8.
Nf3 Nb6 9. Qxd5 cxd5 10. g3 Bd7 11.
Bg2 Bb5 12. b3 Rc8 13. a4 Bd3 14. Bd2 e6 15. Bf1 Bc2 16. a5 Nd7 17. a6 b6 18.
b4 Bd6 19. Be2 Bb3 20. O-O Bc4 21. Bxc4 Rxc4 22. Ne1 h5 23. Nc2 f5 24. Na3 Rc8 25.
Nb5 Bb8 26. Bf4 Bxf4 27. gxf4 Ra8 28. Nc7+ Ke7 29. Nxa8 Rxa8 30. Kg2 Rc8 31. Ra3 Nf6 32. Kf3 Ne4 33. Rg1 Kf6 34. Ke3 Nd6 35. Kd3 Ne4 36.
f3 Nd6 37. Raa1 h4 38. Rg5 Nb5 39. Rc1 Rh8 40. h3 Ke7 41. c4 dxc4+ 42. Rxc4 Kd7 43. Rg7 Nd6 44. Rc1 Rd8 45. Rh7 Rg8 46. Rxh4 Rg2 47. Rh8 Ra2 48. h4 Rxa6 49. h5 Ra2 50. Rh1 Ra3+ 51. Kc2 Nb5 52. h6 Nxd4+ 53. Kb2 Rb3+ 54. Ka2 Rxf3 55. Ra8 Rf2+ 56. Kb1 Kc6 57. h7 Nb5 58. Rc8+ Kb7 59. h8=Q 1-0

[Event "*** Titled Tuesday Blitz"]
[Site "Chess.com"]
[Date "2020.04.28"]
[Round "8"]
[White "elisak43"]
[Black "Tashik"]
[Result "1-0"]
[WhiteElo "2415"]
[BlackElo "2530"]
[TimeControl "180+1"]
[EndTime "11:35:45 PDT"]
[Termination "elisak43 won by checkmate"]

1. e4 e5 2. Nf3 Nc6 3. Bc4 Bc5 4. O-O Nf6 5. d3 O-O 6. Be3 d6 7. Nbd2 h6 8. c3 a5 9. a4 Re8 10. Qb3 Qe7 11. Bxc5 dxc5 12. Bb5 Bd7 13. Nc4 Qe6 14. Bxc6 Bxc6 15. Nfxe5 b6 16. Nxc6 Qxc6 17. Ne3 Rad8 18. Rad1 Rd7 19. Qc4 Red8 20. f3 Qd6 21. Nf5 Qf4 22.
d4 g6 23. g3 Qg5 24. h4 Qh5 25. Ne3 cxd4 26. cxd4 g5 27. hxg5 Qxg5 28. Nf5 Nd5 29. Qc1 Qxc1 30. Rxc1 Nb4 31. Nxh6+ Kf8 32. Nf5 Nd3 33. Rc2 c5 34. d5 Nb4 35. Rh2 f6 36.
Kg2 Rf7 37. Rh8# 1-0

[Event "*** Titled Tuesday Blitz"]
[Site "Chess.com"]
[Date "2020.04.28"]
[Round "8"]
[White "ENEASZ"]
[Black "Bacyanide"]
[Result "1/2-1/2"]
[WhiteElo "2545"]
[BlackElo "2404"]
[TimeControl "180+1"]
[EndTime "11:35:45 PDT"]
[Termination "Game drawn by repetition"]

1. e4 c6 2. d4 d5 3. e5 c5 4. dxc5 Nc6 5. f4 Nh6 6. Nf3 Bg4 7. Be3 e6 8. c3 Nf5 9. Bf2 d4 10. Be2 Bxc5 11. O-O Bxf3 12. Bxf3 Bb6 13. cxd4 Nfxd4 14. Nc3 O-O 15. Be4 g6 16. Qa4 Nf5 17. Bxc6 bxc6 18.
Qxc6 Rc8 19. Qf3 Qd2 20. Bxb6 Qxb2 21. Na4 Qb5 22. Bc5 Rfd8 23. Qb3 Rxc5 24. Nxc5 Qxc5+ 25. Kh1 h5 26. Rad1 Rc8 27. Qb2 Qe3 28. Rc1 Rf8 29. Qf2 Qa3 30. Rc7 h4 31. Rxa7 Qb4 32. a4 Kg7 33. a5 Rh8 34. a6 Ng3+ 35. Kg1 Nxf1 36. Qxf1 Qc5+ 37. Qf2 Qc1+ 38. Qf1 Qc5+ 39. Qf2 Qc1+ 40.
Qf1 Qc5+ 1/2-1/2

[Event "*** Titled Tuesday Blitz"]
[Site "Chess.com"]
[Date "2020.04.28"]
[Round "8"]
[White "Igor_Lysyj"]
[Black "Ind1anStar"]
[Result "0-1"]
[WhiteElo "2770"]
[BlackElo "2603"]
[TimeControl "180+1"]
[EndTime "11:35:46 PDT"]
[Termination "Ind1anStar won by resignation"]

1. d4 d5 2. c4 e6 3. Nf3 Nf6 4. g3 Be7 5. Bg2 O-O 6. O-O dxc4 7. Ne5 Nc6 8. Bxc6 bxc6 9. Nxc6 Qe8 10. Nxe7+ Qxe7 11. Nc3 e5 12. dxe5 Qxe5 13. Bf4 Qh5 14. f3 Bh3 15. Rf2 Rad8 16. Qc1 Be6 17. Bxc7 Rc8 18.
g4 Bxg4 19. fxg4 Nxg4 20. Bg3 Nxf2 21. Kxf2 Rfe8 22. Qf4 Rc5 23. Kg1 Rf5 24. Qxc4 Qg5 25. Qd4 h5 26. Rd1 Rfe5 27. Kh1 R5e6 28. Rg1 Qf5 29.
Qf4 Qc2 30. Qc1 Qf5 31. Qb1 Qc5 32. Qf1 Rg6 33. Qf3 Qa5 34. Bf2 Rxg1+ 35. Bxg1 Qb4 36. b3 h4 37. Nd5 Qe1 38. h3 Rxe2 39. Nf4 Rxa2 40.
Nd3 Qe6 41. Nc5 Qg6 42. Nd3 Rd2 43. Nf4 Qf5 44. Qd3 Rxd3 0-1